 Dungeon Crawl Stone Soup version 0.31.0-12-g77e489cdc1 (webtiles) character file.

Game seed: 13267193455158651763

6363 raph the Arsonist (level 10, -3/56 HPs)
             Began as a Deep Elf Fire Elementalist on Feb 20, 2024.
             Was an Initiate of Gozag.
             Slain by a gnoll sergeant
             ... wielding a +0 glaive
              (21 damage)
             ... in a bailey.
             The game lasted 00:15:42 (10497 turns).

raph the Arsonist (Deep Elf Fire Elementalist)     Turns: 10497, Time: 00:15:42

Health: -3/56      AC:  8    Str:  5    XL:     10   Next: 65%
Magic:  1/23       EV: 14    Int: 25    God:    Gozag
Gold:   380        SH:  6    Dex: 15    Spells: 11/24 levels left

rFire   . . .        a - +3 dagger (venom)
rCold   . . .        r - +1 buckler
rNeg    . . .        n - +0 robe
rPois   .            (no helmet)
rElec   .            y - +1 cloak
rCorr   .            e - +1 pair of gloves
SInv    .            l - +1 pair of boots
Will    +....        (no amulet)
Stlth   ++++         (no ring)
HPRegen 0.29/turn    (no ring)
MPRegen 0.18/turn

%: no passive effects
@: brilliant, gold aura
A: no striking features
a: Renounce Religion, Potion Petition, Call Merchant, Bribe Branch


You were in a bailey.
You worshipped Gozag.
Gozag was aware of your devotion.
You visited 2 branches of the dungeon, and saw 9 of its levels.
You also visited: Ossuary and Bailey.

You collected 1120 gold pieces.
You spent 651 gold pieces at shops.
You paid 89 gold pieces to Gozag.

Inventory:

Hand Weapons
 a - a +3 dagger of venom (weapon)
 d - a +0 vampiric dagger
 f - a +0 dagger of protection
 D - a +2 dagger of draining
Missiles
 m - 3 darts of dispersal
 v - 14 poisoned darts
 L - a throwing net
Armour
 e - a +1 pair of gloves (worn)
 l - a +1 pair of boots (worn)
 n - a +0 robe (worn)
 r - a +1 buckler (worn)
 y - a +1 cloak (worn)
Jewellery
 g - an amulet of faith
 G - a ring of wizardry
Wands
 s - a wand of mindburst (21)
 x - a wand of charming (11)
 A - a wand of acid (3)
 E - a wand of flame (15)
Scrolls
 j - 2 scrolls of vulnerability
 k - 2 scrolls of teleportation
 p - a scroll of blinking
 B - a scroll of poison
 H - a scroll of revelation
 J - a scroll of brand weapon
Potions
 b - a potion of magic
 c - 3 potions of haste
 h - a potion of ambrosia {unknown}
 i - 3 potions of enlightenment
 o - 2 potions of lignification {unknown}
 q - a potion of attraction
 t - 2 potions of curing
 u - 2 potions of invisibility
 w - a potion of might
 z - a potion of mutation
 C - a potion of berserk rage
 K - a potion of heal wounds
Miscellaneous
 F - a condenser vane (inert)


   Skills:
 + Level 3.0 Fighting
 + Level 7.1 Dodging
 + Level 7.5 Stealth
 * Level 4.4 Shields
 + Level 7.7 Spellcasting
 * Level 8.4 Conjurations
 * Level 9.1 Fire Magic
 + Level 1.7 Air Magic
 + Level 2.0 Alchemy


You had 11 spell levels left.
You knew the following spells:

 Your Spells              Type           Power      Damage    Failure   Level
a - Foxfire               Conj/Fire      100%       2x1d9     1%          1
b - Scorch                Fire           100%       2d9       1%          2
c - Inner Flame           Hex/Fire       49%        N/A       4%          3
d - Mephitic Cloud        Conj/Alch/Air  45%        N/A       6%          3
e - Flame Wave            Conj/Fire      69%        2d16      2%          4

Your spell library contained the following spells:

 Spells                   Type           Power      Damage    Failure   Level
 Volatile Blastmotes      Fire/Tloc      98%        2d18      4%          3
 Mercury Vapours          Alch/Air       56%        N/A       7%          2
 Necrotise                Necr           56%        1d6       11%         1
 Vampiric Draining        Necr           14%        2d7       30%         3
 Freezing Cloud           Conj/Ice/Air   20%        6-21      56%         5
 Martyr's Knell           Necr/Summ      14%        N/A       71%         4
 Curse of Agony           Necr           14%        N/A       96%         5


Dungeon Overview and Level Annotations

Branches:
Dungeon (8/15)             Temple (1/1) D:6         Ossuary (visited)
 Bailey (1/1)
   Lair: D:8-11

Altars:
Ashenzari
Cheibriados
Dithmenos
Elyvilon
Fedhas
Gozag
Kikubaaqudgha
Makhleb
Nemelex Xobeh
Ru
Sif Muna
Trog
Uskayaw
Vehumet
Wu Jian
Yredelemnul
The Shining One

Shops:
D:8 *

Annotations:
D:7 3 runed translucent doors, 7tar4e's ghost, journeyman GrFi
Temple 2 transporters


Message History

The wolf is almost dead.
The foxfire hits the wolf!
You kill the wolf!
Your Fighting skill increases to level 3!
Your Alchemy skill increases to level 2!
You start resting.
A gnoll sergeant is nearby!
A gnoll sergeant is nearby!
A gnoll sergeant is nearby!
Casting: Foxfire (safe; 1% risk of failure)
Confirm with . or Enter, or press ? or * to list all spells.
You don't have enough magic to cast this spell.
Clouds condense from the air!
The condenser dries out!
The foxfire hits the gnoll sergeant!
The gnoll sergeant is moderately wounded.
The foxfire hits the gnoll sergeant.
The gnoll sergeant is moderately wounded.
Aiming: Corrosive Bolt
Press: ? - help, Shift-Dir - straight line, f - you
Okay, then.
Aiming: Corrosive Bolt
Press: ? - help, Shift-Dir - straight line, f - gnoll sergeant
Aim: a gnoll sergeant, wielding a +0 glaive and wearing a +0 chain mail (moderately wounded, covering ground quickly, 83% to hit)
The bolt of acid misses the gnoll sergeant.
The gnoll bouda calls upon its god to heal the gnoll sergeant.
The gnoll sergeant is healed somewhat.
Aiming: Corrosive Bolt
Press: ? - help, Shift-Dir - straight line, f/p - gnoll sergeant
Aim: a gnoll sergeant, wielding a +0 glaive and wearing a +0 chain mail (lightly wounded, covering ground quickly, 83% to hit)
The bolt of acid hits the gnoll sergeant!
The acid corrodes the gnoll sergeant!
The gnoll sergeant is severely wounded.
Aiming: Corrosive Bolt
Press: ? - help, Shift-Dir - straight line, p - gnoll sergeant The bolt of acid hits the gnoll sergeant.
The gnoll sergeant seems to be corroded for longer.
The gnoll sergeant is almost dead.
The gnoll sergeant hits you from afar with a +0 glaive!!
You die...
Your body crumbles into a pile of gold.

############
♣♣♣....@.....♣
............♣♣
♣.♣....g.....♣.
♣.....$.......
♣....$$.......♣
♣♣.....$$......♣
......§§g.(....♣
≈≈≈≈≈≈§.)≈≈≈≈≈≈≈♣
...............≈≈♣


You could see a gnoll sergeant (swift, corroded) and a gnoll bouda.

Vanquished Creatures
  A deep elf pyromancer (D:7)
  Joseph (D:7)
  A troll (D:7)
  Sigmund (D:3)
  2 wyverns
  4 yaks (D:8)
  2 steam dragons (D:7)
  A water moccasin (D:6)
  An ice beast (D:7)
  An orc warrior (D:8)
  2 black bears
  4 wolves (Bailey)
  2 ogres
  2 centaurs (D:8)
  A kobold brigand (D:6)
  4 bullfrogs
  4 gnoll sergeants (Bailey)
  5 scorpions
  A burial acolyte (Ossuary)
  6 wights
  14 killer bees
  A howler monkey (D:6)
  A bombardier beetle (D:6)
  2 jellies
  6 gnoll boudas
  3 orc priests
  5 hounds
  6 orc wizards
  Crazy Yiuf (D:4)
  A sleepcap (D:7)
  2 iguanas
  A mummy (D:5)
  16 gnolls
  8 adders
  A shadow imp (D:6)
  3 dart slugs
  A ribbon worm (D:2)
  24 orcs
  4 endoplasms
  8 giant cockroaches
  3 goblins
  14 hobgoblins
  12 kobolds
  4 quokkas
  7 ball pythons
  2 ball python skeletons (Ossuary)
  2 bats (D:1)
  3 frilled lizards
  2 hobgoblin skeletons (Ossuary)
  A kobold skeleton (Ossuary)
  5 orc skeletons (Ossuary)
  7 rats
216 creatures vanquished.

Vanquished Creatures (others)
  An orc (D:7)
  600 foxfires
601 creatures vanquished.

Grand Total: 817 creatures vanquished

Notes
Turn   | Place    | Note
-------+----------+-------------------------------------------
     0 | D:1      | raph the Deep Elf Fire Elementalist began the quest for the
                  | Orb.
     0 | D:1      | Reached XP level 1. HP: 10/10 MP: 6/6
   397 | D:1      | Reached XP level 2. HP: 15/15 MP: 5/8
  1101 | D:2      | Reached XP level 3. HP: 19/19 MP: 5/9
  1104 | D:2      | Learned a level 2 spell: Scorch
  1108 | D:2      | Learned a level 3 spell: Inner Flame
  1860 | D:2      | Reached skill level 4 in Fire Magic
  2228 | D:3      | Reached XP level 4. HP: 24/24 MP: 8/11
  2703 | D:3      | Found a hide-covered altar of Uskayaw.
  2846 | D:3      | Noticed Sigmund
  2851 | D:3      | Killed Sigmund
  2852 | D:3      | Reached XP level 5. HP: 28/28 MP: 4/13
  3170 | D:4      | Reached XP level 6. HP: 32/32 MP: 10/14
  3221 | D:4      | Reached skill level 5 in Fire Magic
  3705 | D:4      | Learned a level 3 spell: Mephitic Cloud
  3758 | D:4      | Found a runed translucent door.
  3759 | D:4      | Noticed Crazy Yiuf
  3765 | D:4      | Killed Crazy Yiuf
  4177 | D:5      | Entered Level 5 of the Dungeon
  4427 | D:5      | Reached XP level 7. HP: 36/36 MP: 9/16
  4578 | D:5      | Reached skill level 5 in Spellcasting
  4763 | D:5      | Found a sand-covered staircase.
  4766 | D:5      | Reached skill level 6 in Fire Magic
  4770 | D:5      | Reached skill level 5 in Conjurations
  4784 | Ossuary  | Entered an ossuary
  5000 | Ossuary  | Learned a level 4 spell: Flame Wave
  5338 | Ossuary  | Reached skill level 5 in Stealth
  5340 | Ossuary  | Reached XP level 8. HP: 22/41 MP: 4/18
  5690 | D:5      | Reached skill level 5 in Dodging
  6739 | D:6      | Found a glowing drain.
  6756 | D:6      | Found a staircase to the Ecumenical Temple.
  6775 | Temple   | Found a transporter.
  6775 | Temple   | Found a transporter.
  6775 | Temple   | Found a transporter.
  6775 | Temple   | Found a transporter.
  6775 | Temple   | Entered the Ecumenical Temple
  6790 | Temple   | Became a worshipper of Gozag Ym Sagoz the Greedy
  6840 | D:6      | Reached skill level 1 in Shields
  7094 | D:6      | Found a blossoming altar of Fedhas.
  7150 | D:6      | Reached skill level 7 in Fire Magic
  7360 | D:6      | Reached skill level 1 in Fighting
  8028 | D:7      | Reached XP level 9. HP: 46/47 MP: 10/20
  8119 | D:7      | Found a runed translucent gate.
  8125 | D:7      | Found a runed translucent gate.
  8131 | D:7      | Found a runed translucent gate.
  8134 | D:7      | Noticed 7tar4e's ghost (journeyman GrFi)
  8652 | D:7      | Noticed a deep elf pyromancer
  8652 | D:7      | Noticed a troll
  8654 | D:7      | Killed a troll
  8655 | D:7      | Reached skill level 8 in Fire Magic
  8655 | D:7      | Killed a deep elf pyromancer
  8669 | D:7      | Identified the +0 scale mail of Submission {rCorr}
  9232 | D:7      | Noticed Joseph
  9239 | D:7      | Killed Joseph
  9240 | D:7      | Reached XP level 10. HP: 20/54 MP: 8/22
  9690 | D:8      | Found a bloodstained altar of Trog.
  9787 | D:8      | Reached skill level 1 in Air Magic
  9787 | D:8      | Reached skill level 1 in Alchemy
  9989 | D:8      | Found a basalt altar of Yredelemnul.
 10023 | D:8      | Found Ciku Kou's General Store.
 10025 | D:8      | Found Omi Toshro's Specific Store.
 10029 | D:8      | Bought a condenser vane for 480 gold pieces
 10029 | D:8      | Bought a scroll of revelation for 90 gold pieces
 10029 | D:8      | Bought a potion of brilliance for 48 gold pieces
 10033 | D:8      | Bought a potion of curing for 33 gold pieces
 10338 | D:8      | Found a flagged portal.
 10343 | Bailey   | Entered a bailey
 10349 | Bailey   | Reached skill level 9 in Fire Magic
 10431 | Bailey   | Identified the +8 trident of Dissolution {flame, Int+5}
 10497 | Bailey   | Slain by a gnoll sergeant

Illustrated notes

Levels and vault maps discovered:
D:1:      enne_arrival_octagon_isle, layout_basic, minmay_worlds_worst_comb
D:2:      layout_rooms, minmay_small_reverse_x
D:3:      layout_basic, nicolae_overflow_crystal_walls, uniq_sigmund
D:4:      layout_basic, uniq_crazy_yiuf_cottage
D:5:      layout_layer_cave, gup_ossuary_entry_pyramid
D:6:      layout_gridville, mainiacjoe_overflow_cross_hatched, temple_pool_b,
          gup_sewer_entry_glass
D:7:      layout_loops_cross, gammafunk_ghost_necromancy,
          minmay_chambers_of_fives, uniq_joseph
D:8:      kennysheep_kobold_camp, layout_basic, nicolae_overflow_hidden_temple,
          amcnicky_altar_gilded, enter_bailey_4, serial_shops,
          nicolae_lakefront_shop, nicolae_kite_square_tiling_tiny,
          nicolae_specific_store, st_stairs_11, minmay_misc_feat_columns,
          serial_library_hellmonk_open_square
Temple:   hellmonk_temple_divided_pantheon
Bailey:   bailey_polearm_gnolls_kennysheep, bailey

Skill      XL: |  1  2  3  4  5  6  7  8  9 10 |
---------------+-------------------------------+-----
Conjurations   | 2 3 4 5 6 7 8 |  8.4
Stealth        | 3 4 5 6 7 |  7.5
Dodging        | 3 4 5 6 7 |  7.1
Fire Magic     | 4 5 6 7 8 9 |  9.1
Spellcasting   | 4 5 6 7 |  7.7
Shields        | 2 3 4 |  4.4
Fighting       | 1 2 3 |  3.0
Air Magic      | 1 |  1.7
Alchemy        | 2 |  2.0

Action                     |  1- 3 |  4- 6 |  7- 9 | 10-12 || total
---------------------------+-------+-------+-------+-------++-------
  Melee: Dagger            |     3 |     3 |     2 |     6 ||    14
   Cast: Foxfire           |    85 |    56 |   144 |    59 ||   344
         Scorch            |     2 |    20 |    52 |    13 ||    87
         Flame Wave        |       |       |    10 |     9 ||    19
         Inner Flame       |       |       |     5 |     4 ||     9
         Mephitic Cloud    |       |       |       |     2 ||     2
  Evoke: Wand              |       |       |     1 |     3 ||     4
         Condenser vane    |       |       |       |     1 ||     1
    Use: Scroll            |       |    10 |    12 |     1 ||    23
         Potion            |       |       |     4 |     2 ||     6
 Armour: Robe              |    15 |    22 |    39 |    23 ||    99
  Dodge: Dodged            |     6 |    22 |    31 |    18 ||    77
  Block: Buckler           |       |       |     2 |    14 ||    16
